 Dungeon Crawl Stone Soup version 0.28.0-43-g3370ac3207 (webtiles) character file.

Game seed: 4910981775828693322

318 diana the Poker (level 6, 0/49 HPs)
             Began as a Demonspawn Berserker on Mar 20, 2022.
             Was a Believer of Trog.
             Slain by a scorpion (7 damage)
             ... on level 4 of the Dungeon.
             The game lasted 00:05:54 (4183 turns).

diana the Poker (Demonspawn Berserker)              Turns: 4183, Time: 00:05:55

Health: 0/49       AC:  2    Str: 19    XL:     6   Next: 21%
Magic:  6/6        EV: 12    Int:  8    God:    Trog [**....]
Gold:   178        SH:  0    Dex: 13    Spells: 5/5 levels left

rFire   . . .      SeeInvis .   a - +0 spear
rCold   . . .      Faith    .   (no shield)
rNeg    + . .      Spirit   .   b - +0 animal skin
rPois   .          Reflect  .   (no helmet)
rElec   .          Harm     .   (no cloak)
rCorr   .          Rampage  .   (no gloves)
Will    .....                   (no boots)
Stlth   ++........              (no amulet)
HPRegen 0.16/turn               j - ring of positive energy
MPRegen 0.10/turn               (no ring)

@: lethally poisoned (0 -> -1)
A: powered by death 1, demonic touch 2
a: Renounce Religion, Berserk, Trog's Hand


You were on level 4 of the Dungeon.
You worshipped Trog.
Trog was pleased with you.
You visited 1 branch of the dungeon, and saw 4 of its levels.

You collected 178 gold pieces.

Inventory:

Hand Weapons
 a - a +0 spear (weapon)
Armour
 b - a +0 animal skin (worn)
 l - a +0 scale mail of poison resistance
Jewellery
 j - a ring of positive energy (left hand)
Scrolls
 d - 2 scrolls of teleportation {unknown}
 e - a scroll of enchant armour {unknown}
 f - a scroll of noise {unknown}
 g - a scroll of identify {unknown}
 h - a scroll of enchant weapon {unknown}
 m - 3 scrolls of blinking {unknown}
 n - a scroll of fog {unknown}
 p - a scroll of summoning {unknown}
 q - a scroll of immolation {unknown}
 s - a scroll of torment {unknown}
Potions
 c - 7 potions of curing {unknown}
 i - a potion of degeneration {unknown}
 k - a potion of flight {unknown}
 o - 2 potions of might {unknown}
 r - a potion of cancellation {unknown}


   Skills:
 + Level 4.5 Fighting
 + Level 4.8 Polearms
 - Level 1.7 Armour
 - Level 1.7 Dodging
 + Level 2.6 Stealth


You had 5 spell levels left.
You didn't know any spells.
Your spell library was empty.

Dungeon Overview and Level Annotations

Branches:
Dungeon (4/15)
 Temple: D:4-7

Altars:
Kikubaaqudgha
Makhleb

Shops:
D:1 (


Innate Abilities, Weirdness & Mutations

You regenerate a little health from kills.
Your touch may inflict irresistible damage on your foes.


Message History

You barely miss the kobold.
You touch the kobold.
You kill the kobold!
Trog accepts your kill.
No target in view!
No target in view!
No target in view!
No target in view!
You see here a +0 whip.
You now have 178 gold pieces (gained 11).
Found 18 stones.
No target in view!
Found an escape hatch in the floor.
No target in view!
s - a scroll labelled OSEAVVAROE No target in view!
No target in view!
Found a stone staircase leading down.
A steam dragon comes into view.
The steam dragon hisses angrily.
A scorpion comes into view.
The steam dragon breathes steam at you. The ball of steam hits you!!
You hit the scorpion but do no damage. Your touch misses the scorpion.
You are engulfed in a cloud of scalding steam.
The scorpion stings you!
You're standing in a cloud of steam!
The steam dragon breathes steam at you. The ball of steam misses you.
The scorpion is engulfed in a cloud of scalding steam.
The scorpion is engulfed in a cloud of scalding steam.
The scorpion stings you!
You are poisoned.
The scorpion poisons you!
You feel very sick.
You feel sick.
You feel sick.
You feel sick.
You feel sick.
Found a club and a book of the Dragon.
You feel sick. The scorpion stings you!
You die...

#.....##.......<.....
......###..........##...
......##.....#........[:
............##....<.....
..........#.......#....)
.........##............. #.
..........##....#..#.... .. .#
#.......####...........##.# #..
#.#.....###.....@..#.....###..#
..##......#..##s...#.#...##..###
#.#...##..........##...........
#.#...###....................###
.....###.................##.##.##
....####.........÷...÷.......#..#
......#...D......)...............
.............####.##.)...........
.............###..#####.......#..


You could see a steam dragon and a scorpion.

Vanquished Creatures
  A scorpion (D:4)
  A howler monkey (D:4)
  Crazy Yiuf (D:3)
  Terence (D:3)
  Jessica (D:3)
  Robin (D:3)
  4 adders
  A shadow imp (D:3)
  2 dart slugs (D:2)
  6 orcs
  5 bats
  8 endoplasms
  A giant cockroach (D:1)
  12 goblins
  9 hobgoblins
  2 quokkas
  2 ball pythons
  A frilled lizard (D:1)
  5 kobolds
  2 rats
  A spectral kobold (D:1)
67 creatures vanquished.

Notes
Turn   | Place    | Note
-------+----------+-------------------------------------------
     0 | D:1      | diana the Demonspawn Berserker began the quest for the Orb.
     0 | D:1      | Reached XP level 1. HP: 18/18 MP: 1/1
   172 | D:1      | Found Yvutakey's Antique Weapon Shop.
   191 | D:1      | Found a faded altar of an unknown god.
   275 | D:1      | Gained mutation: Your touch may inflict minor irresistible
                  | damage on your foes. [demonic ancestry]
   275 | D:1      | Reached XP level 2. HP: 24/24 MP: 2/2
   801 | D:2      | Found a burning altar of Makhleb.
   818 | D:2      | Reached XP level 3. HP: 29/29 MP: 3/3
  1605 | D:3      | Noticed Terence
  1616 | D:3      | Killed Terence
  1617 | D:3      | Reached skill level 1 in Stealth
  1617 | D:3      | Reached XP level 4. HP: 15/37 MP: 4/4
  1619 | D:3      | Noticed Robin
  1649 | D:3      | Reached ** piety under Trog
  1896 | D:3      | Killed Robin
  2159 | D:3      | Noticed Jessica
  2175 | D:3      | Killed Jessica
  2748 | D:3      | Gained mutation: You regenerate a little health from kills.
                  | [demonic ancestry]
  2748 | D:3      | Reached XP level 5. HP: 39/42 MP: 5/5
  2995 | D:3      | Found a runed translucent door.
  2996 | D:3      | Noticed Crazy Yiuf
  3498 | D:3      | Killed Crazy Yiuf
  3941 | D:4      | Gained mutation: Your touch may inflict irresistible damage
                  | on your foes. [demonic ancestry]
  3941 | D:4      | Reached XP level 6. HP: 33/49 MP: 6/6
  4120 | D:4      | Found an ancient bone altar of Kikubaaqudgha.
  4163 | D:4      | Noticed a steam dragon
  4183 | D:4      | Slain by a scorpion

Illustrated notes

Levels and vault maps discovered:
D:1:      minmay_arrival_widening_spiral_narrow, layout_basic, serial_shops,
          nicolae_shop_waterfront, dreamdust_ecumenical_altar_drowned_temple
D:2:      layout_basic, serial_curves, eino_curves_04, eino_curves_02,
          eino_curves_01, eino_curves_02, basic_altar
D:3:      layout_basic, amethyst_killhole, amcnicky_mini_corridor_feature,
          minmay_misc_feat_encased, nicolae_figureground_pulse, uniq_robin,
          uniq_crazy_yiuf_cottage, uniq_jessica, uniq_terence
D:4:      layout_cave_pools, mainiacjoe_overflow_small_starburst

Skill      XL: |  1  2  3  4  5 |
---------------+----------------+-----
Polearms       | 3 4 |  4.8
Stealth        | 1 2 |  2.6
Fighting       | 4 |  4.5
Armour         | |  1.7
Dodging        | |  1.7

Action                   |  1- 3 |  4- 6 || total
-------------------------+-------+-------++-------
Melee: Spear             |    89 |   140 ||   229
       Touch             |     9 |    31 ||    40
       Punch             |       |     1 ||     1
Invok: Berserk           |       |     1 ||     1
 Stab: Sleeping          |     4 |     3 ||     7
Armor: Animal skin       |    10 |     9 ||    19
Dodge: Dodged            |    32 |    57 ||    89
